 Dungeon Crawl Stone Soup version 0.21.1-1-g345015f (webtiles) character file.

31570 jbizzy the Markscentaur (level 13, 0/177 HPs)
             Began as a Centaur Hunter on May 3, 2018.
             Was a High Priest of Zin.
             Slain by a killer bee (3 damage)
             ... on level 4 of the Lair of Beasts.
             The game lasted 02:27:45 (19161 turns).

jbizzy the Markscentaur (Centaur Hunter)           Turns: 19161, Time: 02:27:48

Health: 0/177      AC: 13    Str: 23    XL:     13   Next: 26%
Magic:  16/16      EV: 12    Int: 10    God:    Zin [*****.]
Gold:   935        SH:  0    Dex: 12    Spells: 14/16 levels left

rFire    + . .     SeeInvis .   r - +2 dagger (elec)
rCold    . . .     Gourm    .   (no shield)
rNeg     . . .     Faith    .   J - +2 robe {MR+}
rPois    .         Spirit   .   h - +1 helmet
rElec    .         Reflect  .   G - +0 cloak
rCorr    .         Harm     .   l - +2 pair of gloves {archery}
MR       +....                  (no barding)
Stlth    ..........             (no amulet)
HPRegen  0.39/turn              x - ring of wizardry
MPRegen  0.15/turn              b - ring of protection from fire (curse)

@: berserking (expiring), lethally poisoned (0 -> -27), very quick
A: large, hooves 3, deformed body, speed 2, tough skin 3
a: Recite, Vitalisation, Imprison, Sanctuary, Donate Gold, Renounce Religion


You were on level 4 of the Lair of Beasts.
You worshipped Zin.
Zin was extremely pleased with you.
You were not hungry.

You visited 3 branches of the dungeon, and saw 15 of its levels.

You collected 1248 gold pieces.
You donated 313 gold pieces to Zin.

Inventory:

Hand Weapons
 a - a +3 shortbow
 r - a +2 dagger of electrocution (weapon)
Missiles
 d - 80 arrows
Armour
 h - a +1 helmet (worn)
 l - a +2 pair of gloves of archery (worn)
 p - a +0 robe of the Archmagi
 G - a +0 cloak (worn)
 J - a +2 robe of magic resistance (worn)
Jewellery
 b - a cursed ring of protection from fire (right hand)
 g - an uncursed ring of flight
 n - an uncursed ring of magical power
 x - a ring of wizardry (left hand)
 D - an uncursed amulet of magic regeneration
 K - an uncursed ring of ice
 O - an uncursed ring of positive energy
Wands
 m - a wand of iceblast (7)
 P - a wand of acid (20)
Scrolls
 k - 2 scrolls of identify
 u - 2 scrolls of amnesia
 y - 5 scrolls of teleportation
 E - 4 scrolls of magic mapping
 F - 5 scrolls of remove curse
Potions
 c - a potion of berserk rage
 e - 2 potions of agility
 i - a potion of curing
 o - a potion of magic {unknown}
 q - a potion of ambrosia {unknown}
 z - a potion of degeneration {unknown}
 C - 5 potions of flight
 H - 2 potions of mutation {unknown}
 L - a potion of cancellation {unknown}
 M - 3 potions of might
Books
 j - a book of Debilitation

   Spells                             Type                      Level
   a - Corona                         Hexes                        1
   b - Slow                           Hexes                        2
   c - Inner Flame                    Hexes/Fire                   3
   d - Portal Projectile              Hexes/Translocation          3
   e - Cause Fear                     Hexes                        4
   f - Leda's Liquefaction            Hexes/Earth                  4
 s - a book of Air

   Spells                             Type                      Level
   a - Shock                          Conjuration/Air              1
   b - Swiftness                      Charms/Air                   2
   c - Static Discharge               Conjuration/Air              3
   d - Airstrike                      Air                          4
   e - Lightning Bolt                 Conjuration/Air              5
 t - a book of Changes

   Spells                             Type                      Level
   a - Beastly Appendage              Transmutation                1
   b - Sticks to Snakes               Transmutation                2
   c - Spider Form                    Transmutation/Poison         3
   d - Ice Form                       Ice/Transmutation            4
   e - Blade Hands                    Transmutation                5
 N - a book of Battle

   Spells                             Type                      Level
   a - Infusion                       Charms                       1
   b - Shroud of Golubria             Charms/Translocation         2
   c - Song of Slaying                Charms                       2
   d - Spectral Weapon                Hexes/Charms                 3
   e - Regeneration                   Charms/Necromancy            3
Comestibles
 f - 7 rations


   Skills:
 + Level 12.2 Fighting
 * Level 3.7 Short Blades
 + Level 18.4 Bows
 + Level 4.9 Armour
 + Level 5.1 Dodging
 + Level 2.5 Stealth
 + Level 2.0 Spellcasting
 + Level 2.1 Charms
 + Level 4.6 Invocations


You had 14 spell levels left.
You knew the following spells:

 Your Spells              Type           Power        Failure   Level  Hunger
a - Song of Slaying       Chrm           #.......     9%          2    ###....


Dungeon Overview and Level Annotations

Branches:
Dungeon (10/15)            Temple (1/1) D:7            Lair (4/6) D:10
 Shoals (0/4) Lair:4       Spider (0/4) Lair:3          Orc (0/2) D:10

Altars:
Ashenzari
Cheibriados
Dithmenos
Elyvilon
Fedhas
Gozag
Hepliaklqana
Kikubaaqudgha
Makhleb
Nemelex Xobeh
Okawaru
Qazlal
Ru
Sif Muna
Trog
Uskayaw
Vehumet
Wu Jian
Xom
Yredelemnul
Zin
The Shining One

Shops:
D:8 *}?=*


Innate Abilities, Weirdness & Mutations

You have hooves in place of feet.
Armour fits poorly on your strangely shaped body.
You cover ground very quickly.
You have extremely tough skin. (AC +3)


Message History

The killer bee stings you but does no damage. x2
The killer bee stings you.
* * * LOW HITPOINT WARNING * * *
You are more poisoned.
The killer bee poisons you!
You hit the killer bee.
You kill the killer bee!
* * * LOW HITPOINT WARNING * * *
You feel sick. The killer bee closely misses you. The killer bee stings you.
* * * LOW HITPOINT WARNING * * *
You are more poisoned.
The killer bee poisons you! The killer bee stings you.
* * * LOW HITPOINT WARNING * * *
You puncture the killer bee! Your kick misses the killer bee.
The killer bee is severely wounded.
* * * LOW HITPOINT WARNING * * *
You feel sick. The killer bee closely misses you.
The killer bee stings you but does no damage.
The killer bee stings you.
You die...

##.####..##.
#..........###
#...........###
##...PP..P.P...#
#.........PP...##.
#...P..P.P.P......
#........PP......<
##..PPP†@†.........
#...P.Pyyy...P..P..
#.........)P....#
#.P.....P.PPP..#.♣
#..P.....P.P.#...♣
##..PP.P.P..#♣ ...
##..........#♣ y
#..P........♣
#...........♣


You could see 3 killer bees.

Vanquished Creatures
  2 hydras
  A queen ant (D:9)
  5 two-headed ogres
  Nergalle (Lair:2)
  Pikel (D:5)
  The ghost of bande the Chopper, a novice GrFi of Okawaru (D:8)
  A cyclops (D:9)
  A centaur zombie (D:10)
  Joseph (D:7)
  3 black mambas (Lair:2)
  5 spiny frogs
  3 jumping spiders (Lair:3)
  9 blink frogs
  3 hippogriffs
  4 redbacks (Lair:3)
  4 wyverns
  Eustachio (D:4)
  6 yaks
  3 hogs (D:7)
  A human (D:7)
  2 basilisks
  A hungry ghost (D:9)
  20 soldier ants (D:9)
  15 water moccasins
  8 porcupines
  3 ice beasts
  9 orc warriors
  3 sky beasts
  2 eyes of draining
  4 ogres
  4 phantoms
  44 wolves
  6 centaurs
  7 crocodiles
  A big kobold (D:10)
  7 bullfrogs
  26 killer bees (Lair:4)
  4 scorpions
  5 wights (D:10)
  2 howler monkeys
  10 crimson imps
  4 hounds
  A jelly (D:9)
  Crazy Yiuf (D:5)
  7 orc priests
  11 orc wizards
  2 centaur skeletons
  3 iguanas
  20 worker ants
  Ijyb (D:5)
  A hound skeleton (D:8)
  Robin (D:4)
  A worker ant zombie (D:6)
  18 adders
  3 white imps (D:10)
  An adder zombie (D:8)
  An adder skeleton (D:6)
  2 dart slugs (D:3)
  3 worms
  4 leopard geckos
  44 orcs
  7 giant cockroaches
  16 goblins
  8 hobgoblins
  10 jackals
  14 kobolds
  2 quokkas
  13 bats
  A frilled lizard (D:5)
  A jackal zombie (D:7)
  A quokka skeleton (D:9)
  6 rats
  A bush (Lair:3)
  3 fungi
451 creatures vanquished.

Vanquished Creatures (others)
  A water moccasin skeleton (D:5)
  2 fungi
  4 plants
7 creatures vanquished.

Grand Total: 458 creatures vanquished

Notes
Turn   | Place    | Note
-------+----------+-------------------------------------------
     0 | D:1      | jbizzy the Centaur Hunter began the quest for the Orb.
     0 | D:1      | Reached XP level 1. HP: 17/17 MP: 1/1
   393 | D:1      | Reached XP level 2. HP: 23/24 MP: 2/2
   573 | D:1      | Reached skill level 6 in Bows
   948 | D:2      | Reached XP level 3. HP: 25/29 MP: 3/3
  1042 | D:2      | Found a white marble altar of Elyvilon.
  1057 | D:2      | Became a worshipper of Elyvilon the Healer
  1478 | D:3      | Reached XP level 4. HP: 37/37 MP: 4/4
  1519 | D:3      | Reached skill level 7 in Bows
  1587 | D:3      | Reached * piety under Elyvilon
  1928 | D:3      | Found a snail-covered altar of Cheibriados.
  2429 | D:4      | Reached skill level 8 in Bows
  2429 | D:4      | Reached XP level 5. HP: 42/42 MP: 5/5
  2484 | D:4      | Noticed Eustachio
  2489 | D:4      | Killed Eustachio
  2489 | D:4      | Reached skill level 9 in Bows
  2489 | D:4      | Reached XP level 6. HP: 50/50 MP: 6/6
  2599 | D:4      | Reached ** piety under Elyvilon
  2798 | D:4      | Noticed a water moccasin
  2806 | D:4      | Killed a water moccasin
  2806 | D:4      | Reached skill level 10 in Bows
  2806 | D:4      | Reached skill level 1 in Armour
  2806 | D:4      | Reached XP level 7. HP: 45/58 MP: 7/7
  2826 | D:4      | Noticed Robin
  2832 | D:4      | Killed Robin
  3328 | D:5      | Entered Level 5 of the Dungeon
  3328 | D:5      | Found a deep blue altar of Sif Muna.
  3328 | D:5      | Noticed Ijyb
  3341 | D:5      | Killed Ijyb
  3448 | D:5      | Reached skill level 11 in Bows
  3775 | D:5      | Noticed Pikel
  3791 | D:5      | Killed Pikel
  3791 | D:5      | Reached skill level 12 in Bows
  3791 | D:5      | Reached XP level 8. HP: 17/67 MP: 8/8
  4059 | D:5      | Reached *** piety under Elyvilon
  4190 | D:5      | Found a runed door.
  4194 | D:5      | Noticed Crazy Yiuf
  4204 | D:5      | Killed Crazy Yiuf
  4460 | D:6      | Reached skill level 5 in Fighting
  4713 | D:6      | Reached skill level 13 in Bows
  4794 | D:6      | Reached XP level 9. HP: 70/74 MP: 9/9
  5011 | D:7      | Noticed Joseph
  5037 | D:7      | Killed Joseph
  5507 | D:7      | Found a staircase to the Ecumenical Temple.
  5622 | D:7      | Reached **** piety under Elyvilon
  5764 | D:7      | Learned a level 2 spell: Song of Slaying
  6020 | D:7      | Reached skill level 14 in Bows
  6029 | D:7      | Reached skill level 1 in Stealth
  6283 | Temple   | Entered the Ecumenical Temple
  6357 | Temple   | Fell from the grace of Elyvilon
  6357 | Temple   | Became a worshipper of Zin the Law-Giver
  6357 | Temple   | Reached * piety under Zin
  6357 | Temple   | Reached ** piety under Zin
  6357 | Temple   | Reached *** piety under Zin
  6358 | Temple   | Donated 189 gold pieces to Zin
  6552 | D:8      | Found Birien's Magic Scroll Shop.
  6576 | D:8      | Noticed a two-headed ogre
  6612 | D:8      | Killed a two-headed ogre
  6612 | D:8      | Reached skill level 1 in Charms
  6612 | D:8      | Reached skill level 1 in Invocations
  6612 | D:8      | Reached XP level 10. HP: 84/84 MP: 6/10
  6703 | D:8      | Found Heeten's General Store.
  6708 | D:8      | Noticed a two-headed ogre
  6727 | D:8      | Killed a two-headed ogre
  6727 | D:8      | Reached skill level 1 in Spellcasting
  6852 | D:8      | Reached **** piety under Zin
  6914 | D:8      | Reached skill level 15 in Bows
  7324 | D:8      | Found Ciner's Gadget Shop.
  7568 | D:8      | Found Soyxag's Jewellery Shoppe.
  7779 | D:8      | Noticed bande's ghost (novice GrFi)
  7819 | D:8      | Killed bande's ghost
  7849 | D:8      | Found Ogatef's Assorted Antiques.
  8006 | D:9      | Found a shattered altar of Ashenzari.
  8012 | D:9      | Found a blossoming altar of Fedhas.
  8012 | D:9      | Found a basalt altar of Yredelemnul.
  8015 | D:9      | Found a shadowy altar of Dithmenos.
  8171 | D:9      | Noticed a two-headed ogre
  8179 | D:9      | Killed a two-headed ogre
  8547 | D:9      | Noticed a cyclops
  8556 | D:9      | Killed a cyclops
  8923 | D:9      | Reached XP level 11. HP: 86/94 MP: 13/13
  9270 | D:9      | Noticed a queen ant
  9314 | D:9      | Reached skill level 16 in Bows
  9342 | D:9      | Killed a queen ant
 11031 | D:10     | Entered Level 10 of the Dungeon
 11075 | D:10     | Reached ***** piety under Zin
 11107 | D:10     | Found a staircase to the Lair.
 11148 | D:10     | Reached ****** piety under Zin
 11150 | D:10     | Found a staircase to the Orcish Mines.
 11856 | D:10     | Noticed a two-headed ogre
 11903 | D:10     | Killed a two-headed ogre
 12232 | D:10     | Reached skill level 10 in Fighting
 12318 | D:10     | Reached skill level 1 in Short Blades
 12701 | D:10     | Noticed a two-headed ogre
 12740 | D:10     | Killed a two-headed ogre
 13037 | Lair:1   | Entered Level 1 of the Lair of Beasts
 13113 | Lair:1   | Reached XP level 12. HP: 107/107 MP: 15/15
 13200 | Lair:1   | Found a labyrinth entrance.
 13217 | Lair:1   | Noticed a seven-headed hydra
 13232 | Lair:1   | Killed a seven-headed hydra
 13232 | Lair:1   | Reached skill level 17 in Bows
 13948 | Lair:1   | Found a sparkling altar of Nemelex Xobeh.
 14695 | Lair:2   | Noticed Nergalle
 14733 | Lair:2   | Killed Nergalle
 15125 | Lair:2   | Found a sacrificial altar of Ru.
 15957 | Lair:2   | Reached skill level 18 in Bows
 16335 | Lair:2   | Found the +8 whip "Snakebite" {curare, rPois}
 16569 | Lair:3   | Noticed a four-headed hydra
 16587 | Lair:3   | Killed a four-headed hydra
 16802 | Lair:3   | Reached XP level 13. HP: 43/117 MP: 16/16
 16815 | Lair:3   | Reached skill level 5 in Dodging
 18368 | Lair:3   | Found a hole to the Spider Nest.
 19094 | Lair:4   | Found a staircase to the Shoals.
 19160 | Lair:4   | HP: 6/177 [killer bee (6)]
 19161 | Lair:4   | Slain by a killer bee

Skill      XL: |  1  2  3  4  5  6  7  8  9 10 11 12 13 |
---------------+----------------------------------------+-----
Bows           | 6 8 9 10 12 13 14 15 16 18 | 18.4
Fighting       | 3 4 5 6 8 10 11 12 | 12.2
Armour         | 1 2 3 4 |  4.9
Dodging        | 2 3 4 5 |  5.1
Stealth        | 1 2 |  2.5
Charms         | 1 2 |  2.1
Invocations    | 1 3 4 |  4.6
Spellcasting   | 1 2 |  2.0
Short Blades   | 1 2 3 |  3.7

Action                   |  1- 3 |  4- 6 |  7- 9 | 10-12 | 13-15 || total
-------------------------+-------+-------+-------+-------+-------++-------
Melee: Shortbow          |     2 |       |       |    11 |       ||    13
       Dagger            |       |       |       |    47 |   172 ||   219
       Kick              |       |       |       |    28 |    50 ||    78
       Rapier            |       |       |       |    12 |       ||    12
 Fire: Shortbow          |    92 |   127 |   283 |  1078 |   141 ||  1721
 Cast: Song of Slaying   |       |       |     1 |     3 |     1 ||     5
Invok: Lesser Healing    |       |       |     3 |       |       ||     3
       Vitalisation      |       |       |     1 |    13 |     4 ||    18
       Donate Gold       |       |       |     1 |       |       ||     1
       Sanctuary         |       |       |       |     1 |       ||     1
  Use: Scroll            |       |     1 |     5 |    14 |       ||    20
       Potion            |       |       |     1 |    10 |     3 ||    14
 Stab: Sleeping          |       |       |       |     1 |       ||     1
  Eat: Chunk             |       |     1 |     1 |       |     1 ||     3
       Ration            |       |     1 |     3 |     7 |     2 ||    13
Armor: Chain mail        |    39 |     8 |       |       |       ||    47
       Leather armour    |       |     5 |     2 |       |       ||     7
       Ring mail         |       |       |    34 |    61 |       ||    95
       Robe              |       |       |       |    70 |   126 ||   196
Dodge: Dodged            |     7 |    14 |    38 |   189 |   190 ||   438
